 Dungeon Crawl Stone Soup version 0.29-a0-314-gb00dd7cb4b (webtiles) character file.

Game seed: 14426151825496073104

91 Bapho the Conjurer (level 4, 0/28 HPs)
             Began as an Octopode Conjurer on Mar 29, 2022.
             Killed from afar by Ijyb (13 damage)
             ... with a puff of flame
             ... on level 4 of the Dungeon.
             The game lasted 00:05:14 (2843 turns).

Bapho the Conjurer (Octopode Conjurer)              Turns: 2843, Time: 00:05:15

Health: 0/28       AC:  1    Str:  6    XL:     4   Next: 59%
Magic:  8/8        EV: 13    Int: 22    God:
Gold:   158        SH:  0    Dex: 10    Spells: 6/9 levels left

rFire   . . .      SeeInvis .   c - +1 dagger (drain)
rCold   . . .      Faith    .   (no shield)
rNeg    . . .      Spirit   .   (helmet restricted)
rPois   .          Reflect  .   (no amulet)
rElec   .          Harm     .   e - ring of willpower
rCorr   .          Rampage  .   f - ring of wizardry
Will    +....                   (no ring)
Stlth   ++........              (no ring)
HPRegen 0.09/turn               (no ring)
MPRegen 0.11/turn               (no ring)
                                (no ring)
                                (no ring)

@: confused, mighty, ambrosia-drunk
A: almost no armour, amphibious, 8 rings, camouflage 1, gelatinous body 1,
(nimble swimmer 1), tentacles
a: no special abilities


You were on level 4 of the Dungeon.
You visited 1 branch of the dungeon, and saw 4 of its levels.

You collected 158 gold pieces.

Inventory:

Hand Weapons
 c - a +1 dagger of draining (weapon)
Jewellery
 e - a ring of willpower (left tentacle)
 f - a ring of wizardry (right tentacle)
Scrolls
 b - a scroll of identify
 d - a scroll of noise
 i - a scroll of teleportation {unknown}
 l - a scroll of silence {unknown}
 n - a scroll of enchant weapon
 o - a scroll of amnesia {unknown}
Potions
 a - a potion of magic
 g - 5 potions of curing
 h - 2 potions of haste
 k - a potion of attraction


   Skills:
 + Level 1.6 Fighting
 + Level 2.7 Dodging
 - Level 2.6 Stealth
 - Level 3.0 Spellcasting
 - Level 4.4 Conjurations


You had 6 spell levels left.
You knew the following spells:

 Your Spells              Type           Power      Damage    Failure   Level
a - Magic Dart            Conj           88%        1d7       1%          1
b - Searing Ray           Conj           44%        2d6       1%          2

Your spell library contained the following spells:

 Spells                   Type           Power      Damage    Failure   Level
 Apportation              Tloc           6%         N/A       4%          1
 Dazzling Flash           Conj/Hex       26%        N/A       6%          3
 Fulminant Prism          Conj/Hex       6%         3d7       21%         4
 Iskenderun's Mystic Bla  Conj/Tloc      13%        2d5       21%         4
 Alistair's Intoxication  Tmut/Pois      2%         N/A       77%         5


Dungeon Overview and Level Annotations

Branches:
Dungeon (4/15)
 Temple: D:4-7

Altars:
Elyvilon
Xom

Shops:
D:3 [

Annotations:
D:4 Ijyb


Innate Abilities, Weirdness & Mutations

You cannot wear most types of armour.
You are amphibious.
You can wear up to eight rings at the same time.
Your skin changes colour to match your surroundings (Stealth+).
Your rubbery body absorbs attacks. (AC +1, EV +1)
((You are camouflaged when in or above water. (Stealth+)))
You have tentacles for arms and can constrict up to eight enemies at once.


Message History

Aim: an endoplasm (almost dead, 98% to hit)
The searing ray hits the endoplasm.
You kill the endoplasm!
The searing ray hits Ijyb!
Ijyb is heavily wounded. (Press . to maintain the ray.)
The searing ray misses Ijyb.
Ijyb screams, "Me very upset!"
Ijyb zaps a wand.
The puff of flame hits you.
The searing ray hits Ijyb but does no damage.
Ijyb is heavily wounded.
Ijyb screams, "It's all mine!"
Ijyb hits you with a +0 dagger.
The searing ray misses Ijyb.
You finish channelling your searing ray.
Ijyb zaps a wand.
The puff of flame misses you.
Casting: Searing Ray (safe; 1% risk of failure)
Confirm with . or Enter, or press ? or * to list all spells.
Aiming: Searing Ray (safe; 1% risk of failure)
Press: ? - help, Shift-Dir - straight line, f - Ijyb
Aim: Ijyb, wielding a +0 dagger, wearing a +1 chain mail of fire resistance and carrying a wand of flame (22) (heavily wounded, 78% to hit)
The searing ray hits Ijyb.
Ijyb is severely wounded. (Press . to maintain the ray.) Ijyb zaps a wand.
The puff of flame hits you!
You hit Ijyb but do no damage. Your grab misses Ijyb.
Ijyb is severely wounded.
Ijyb hits you with a +0 dagger.
* * * LOW HITPOINT WARNING * * *
You aren't carrying any items that you can evoke.
You are confused.
You feel invigorated.
Ijyb zaps a wand.
The puff of flame hits you!
* * * LOW HITPOINT WARNING * * *
You feel very mighty all of a sudden. Ijyb completely misses you.
You barely miss Ijyb. You squeeze Ijyb.
Ijyb is almost dead.
Ijyb hits you but does no damage.
You bump into the rock wall.
Ijyb zaps a wand.
The puff of flame hits you!
You die...

.. ...### #......##
...#....###.......#
#......h.........##
.#.................####
=.....J..........#....#
........##............#
.######...............#
..#########............#
.......@g........##.....
#####.#####.......#.....
### #.....#.......#.....
.....#####..........#....
#...)....†............
######........#.......
#...<.....##)###..
#.........#### .
#..........#


You could see Ijyb.

Vanquished Creatures
  An adder (D:3)
  An ufetubus (D:4)
  2 worms (D:3)
  6 dart slugs
  2 ball pythons
  8 endoplasms
  A giant cockroach (D:2)
  10 goblins
  4 hobgoblins
  3 kobolds
  3 quokkas
  4 bats
  4 frilled lizards
  7 rats
56 creatures vanquished.

Notes
Turn   | Place    | Note
-------+----------+-------------------------------------------
     0 | D:1      | Bapho the Octopode Conjurer began the quest for the Orb.
     0 | D:1      | Reached XP level 1. HP: 11/11 MP: 3/3
   185 | D:1      | Reached XP level 2. HP: 17/17 MP: 1/5
   283 | D:1      | Learned a level 2 spell: Searing Ray
  1146 | D:2      | Reached XP level 3. HP: 21/21 MP: 4/6
  1245 | D:2      | Found a faded altar of an unknown god.
  1331 | D:2      | Found a shimmering altar of Xom.
  1720 | D:3      | Found Kekhloss's Antique Armour Shop.
  1972 | D:3      | Reached XP level 4. HP: 27/27 MP: 1/8
  1982 | D:3      | Reached skill level 1 in Fighting
  2590 | D:3      | Found a white marble altar of Elyvilon.
  2819 | D:4      | Noticed Ijyb
  2843 | D:4      | Killed from afar by Ijyb

Illustrated notes

Levels and vault maps discovered:
D:1:      mrwooster_arrival_statue_3, layout_loops_ring
D:2:      layout_rooms, ebering_ecumenical_altar_box, basic_altar
D:3:      layout_rooms, lemuel_doored_altar, serial_shops,
          nicolae_shop_waterfront, st_stairs_1
D:4:      layout_rooms, minmay_ruined_shrine, uniq_robin, uniq_blork_the_orc,
          uniq_menkaure, uniq_edmund, uniq_ijyb

Skill      XL: |  1  2  3  4 |
---------------+-------------+-----
Spellcasting   | 3 |  3.0
Fighting       | 1 |  1.6
Dodging        | |  2.7
Stealth        | |  2.6
Conjurations   | |  4.4

Action                   |  1- 3 |  4- 6 || total
-------------------------+-------+-------++-------
Melee: Dagger            |     5 |     3 ||     8
       Constrict         |     2 |       ||     2
       Tentacles         |       |     2 ||     2
 Cast: Magic Dart        |    86 |    30 ||   116
       Searing Ray       |       |     3 ||     3
  Use: Scroll            |     6 |     3 ||     9
       Potion            |       |     2 ||     2
Armor: Skin              |       |     1 ||     1
Dodge: Dodged            |     4 |     7 ||    11

Table legend: (Time is in decaauts)
 A = Elapsed time spent in this place.
 B = Non-inter-level travel time spent in this place.
 C = Inter-level travel time spent in this place.
 D = Time resting spent in this place.
 E = Time spent auto-exploring this place.
 F = Levels seen in this place.
 G = Mean time per level.
                   A        B        C        D        E       F      G
               +--------+--------+--------+--------+--------+-----+--------+
         Total |   2840 |   2734 |    106 |      0 |   2452 |   4 |  710.0 |
       Dungeon |   2840 |   2734 |    106 |      0 |   2452 |   4 |  710.0 |
               +--------+--------+--------+--------+--------+-----+--------+

Top non-repeatable levels by time:
     D:1: 1133 daAuts
     D:3: 1004 daAuts
     D:2: 585 daAuts
     D:4: 117 daAuts
